 Dungeon Crawl Stone Soup version 0.29.1-12-g30fa7ad0bf (webtiles) character file.

Game seed: 3846360356860860451

576 hawla the Chiller (level 7, -1/54 (55) HPs)
             Began as a Meteoran Ice Elementalist on Dec 15, 2022.
             Slain by a necrophage (2 damage)
             ... on level 6 of the Dungeon.
             The game lasted 00:10:48 (1479 turns).

hawla the Chiller (Meteoran Ice Elementalist)       Turns: 1479, Time: 00:10:48

HP:   -1/54 (55)    AC:  5    Str: 10    XL:     7   Next: 93%
MP:   14/14         EV: 13    Int: 18    God:
Gold: 47            SH:  0    Dex: 15    Spells: 6/14 levels left

rFire   . . .      SeeInvis .   l - +2 great sword
rCold   . . .      Faith    .   (shield currently unavailable)
rNeg    . . .      Spirit   .   a - +1 robe
rPois   .          Reflect  .   i - +0 helmet
rElec   .          Harm     .   (no cloak)
rCorr   .          Rampage  .   d - +0 pair of gloves
Will    .....                   (no boots)
Stlth   +.........              e - amulet of magic regeneration
HPRegen 0.18/turn               h - ring of flight
MPRegen 0.54/turn               (no ring)

@: mighty, flying, glowing, lightly drained
A: sense surroundings 1, otherworldly, glowing, explore regen
a: no special abilities


You were on level 6 of the Dungeon.
You visited 1 branch of the dungeon, and saw 6 of its levels.
You also visited: Ossuary.

You collected 47 gold pieces.

Inventory:

Hand Weapons
 l - a +2 great sword (weapon)
Armour
 a - a +1 robe (worn)
 d - a +0 pair of gloves (worn)
 i - a +0 helmet (worn)
Jewellery
 c - an amulet of the acrobat
 e - an amulet of magic regeneration (around neck)
 h - a ring of flight (left hand)
Scrolls
 f - a scroll of identify
 k - a scroll of amnesia {unknown}
 m - a scroll of torment {unknown}
 n - a scroll of poison
 o - a scroll of enchant armour
 p - a scroll of brand weapon {unknown}
 q - 3 scrolls of teleportation
 s - a scroll of magic mapping {unknown}
Potions
 b - a potion of magic
 g - a potion of cancellation


   Skills:
 + Level 2.0 Fighting
 + Level 2.5 Long Blades
 + Level 3.1 Dodging
 - Level 1.4 Stealth
 + Level 4.3 Spellcasting
 + Level 5.5 Conjurations
 + Level 5.9 Ice Magic


You had 6 spell levels left.
You knew the following spells:

 Your Spells              Type           Power      Damage    Failure   Level
a - Freeze                Ice            100%       1d11      1%          1
b - Frozen Ramparts       Ice            50%        1d8       3%          3
c - Hailstorm             Conj/Ice       24%        3d7       14%         4

Your spell library contained the following spells:

 Spells                   Type           Power      Damage    Failure   Level
 Ozocubu's Armour         Ice            25%        N/A       3%          3
 Confusing Touch          Hex            3%         N/A       38%         3
 Yara's Violent Unravell  Hex/Tmut       1%         3d3       98%         5
 Enfeeble                 Hex            1%         N/A       100%        7


Dungeon Overview and Level Annotations

Branches:
Dungeon (6/15) Zot: 2570  Ossuary (visited)
 Temple: D:4-7

Altars:
Wu Jian

Annotations:
D:5 Menkaure


Innate Abilities, Weirdness & Mutations

You passively map a small area around you.
You are easily found by Zot.
You glow in the dark.
You regain HP and MP as you explore.


Message History

The wall freezes the necrophage but does no damage.
The necrophage closely misses you.
Your Fighting skill increases to level 2!
You slash the necrophage!
The necrophage is moderately damaged.
The necrophage completely resists.
The wall freezes the necrophage but does no damage.
The necrophage hits you.
* * * LOW HITPOINT WARNING * * *
The necrophage resists.
The wall freezes the necrophage.
The necrophage hits you.
* * * LOW HITPOINT WARNING * * *
You closely miss the necrophage.
The necrophage is heavily damaged.
The necrophage resists.
The wall freezes the necrophage.
The necrophage closely misses you.
The necrophage resists.
The wall freezes the necrophage.
The necrophage hits you but does no damage.
You closely miss the necrophage.
The necrophage is severely damaged.
The necrophage resists.
The wall freezes the necrophage.
The necrophage hits you.
* * * LOW HITPOINT WARNING * * *
You feel drained.
Okay, then.
You feel very mighty all of a sudden.
The necrophage resists.
The wall freezes the necrophage.
The necrophage hits you.
* * * LOW HITPOINT WARNING * * *
You closely miss the necrophage.
The necrophage is severely damaged.
The necrophage resists.
The wall freezes the necrophage.
The necrophage hits you.
* * * LOW HITPOINT WARNING * * *
The necrophage resists.
The wall freezes the necrophage.
The necrophage misses you.
You barely miss the necrophage.
The necrophage is almost destroyed.
The frozen ramparts melt away.
The necrophage hits you.
You die...

*, ######## * *,
...... # * .....
.. , ....# !.# *
#####.#.#.. * *
# , ,).>....., ,
#.#####.#)n##..#
........@.....#
* , ,
##.....##.##.#
#.....##.## , *
* #.........#, *
, *,
+..[.###....# *
* **#....#
**.#.# * ,
..../##.# # , ,
, * #######.# *
,,########### ,
........#
*#.....##...


You could see a necrophage.

Vanquished Creatures
  A black bear (D:5)
  A centaur (D:6)
  A scorpion (D:5)
  An iguana (D:4)
  A jelly (D:4)
  Jessica (D:2)
  2 orc wizards
  5 mummies
  Robin (D:2)
  5 adders
  A shadow imp (D:4)
  11 orcs
  2 ball pythons
  5 endoplasms
  A giant cockroach (D:3)
  3 gnoll zombies (Ossuary)
  7 goblins
  5 hobgoblins
  2 bats (D:1)
  A gnoll skeleton (Ossuary)
  7 goblin skeletons (Ossuary)
  2 goblin zombies (Ossuary)
  7 hobgoblin skeletons (Ossuary)
  6 hobgoblin zombies (Ossuary)
  3 kobolds
  5 kobold skeletons (Ossuary)
  4 kobold zombies (Ossuary)
  An orc skeleton (Ossuary)
  4 orc zombies (Ossuary)
  2 rats
  4 rat skeletons (Ossuary)
  6 rat zombies (Ossuary)
108 creatures vanquished.

Notes
Turn   | Place    | Note
-------+----------+-------------------------------------------
     0 | D:1      | hawla the Meteoran Ice Elementalist began the quest for the
                  | Orb.
     0 | D:1      | Reached XP level 1. HP: 14/14 MP: 5/5
   116 | D:1      | Reached XP level 2. HP: 13/20 MP: 1/6
   257 | D:2      | Noticed Jessica
   266 | D:2      | Killed Jessica
   267 | D:2      | Reached skill level 5 in Ice Magic
   267 | D:2      | Reached XP level 3. HP: 27/27 MP: 6/8
   271 | D:2      | Learned a level 3 spell: Frozen Ramparts
   288 | D:2      | Noticed Robin
   292 | D:2      | Reached XP level 4. HP: 29/34 MP: 5/9
   295 | D:2      | Killed Robin
   498 | D:3      | Learned a level 4 spell: Hailstorm
   537 | D:3      | Reached skill level 1 in Conjurations
   624 | D:4      | Reached XP level 5. HP: 4/39 MP: 9/11
   625 | D:4      | HP: 2/58 [shadow imp (2)]
   708 | D:4      | Found an ornate altar of the Wu Jian Council.
   710 | D:4      | Noticed a black bear
   712 | D:4      | Noticed a phantom
   714 | D:4      | Reached XP level 6. HP: 33/46 MP: 8/12
   723 | D:5      | Entered Level 5 of the Dungeon
   726 | D:5      | Killed a black bear
   727 | D:5      | Reached skill level 5 in Conjurations
   727 | D:5      | Reached skill level 1 in Fighting
   735 | D:5      | Reached XP level 7. HP: 45/52 MP: 8/13
   806 | D:5      | Found a sand-covered staircase.
   819 | D:5      | Reached skill level 1 in Long Blades
   823 | Ossuary  | Entered an ossuary
  1297 | Ossuary  | Glimpsed the power of Zot.
  1381 | D:5      | Noticed a water moccasin
  1382 | D:5      | Noticed Menkaure
  1382 | D:5      | Noticed a water moccasin
  1466 | D:6      | Identified the +0 leather armour of Henydin {rN+ Str+3}
  1478 | D:6      | HP: 1/54 [necrophage (3)]
  1479 | D:6      | Slain by a necrophage

Illustrated notes

Levels and vault maps discovered:
D:1:      sevenhm_arrival_forest_fort_large_4, layout_basic
D:2:      layout_loops_corners, amethyst_killhole,
          chequers_serial_rivers_small_b, corexii_corridor_pit, uniq_jessica,
          uniq_robin
D:3:      layout_basic, mainiacjoe_overflow_six_doors_small, zin_scriptorium,
          mainiacjoe_overflow_alcove_2, minmay_misc_feat_room, uniq_sigmund,
          uniq_ijyb
D:4:      layout_basic, mainiacjoe_overflow_catwalk, tgw_xom,
          gammafunk_temple_overflow_forgotten, minmay_temple_entry_tees
D:5:      layout_cave_pools, kennysheep_mini, gup_ossuary_entry_pyramid,
          serial_shops, nicolae_shop_stone, kennysheep_another_room,
          uniq_menkaure
D:6:      layout_basic, grunt_gozag_breadcrumbs

Skill      XL: |  1  2  3  4  5  6  7 |
---------------+----------------------+-----
Spellcasting   | 3 4 |  4.3
Ice Magic      | 5 |  5.9
Dodging        | 3 |  3.1
Conjurations   | 3 4 5 |  5.5
Fighting       | 1 2 |  2.0
Long Blades    | 2 |  2.5
Stealth        | |  1.4

Action                   |  1- 3 |  4- 6 |  7- 9 || total
-------------------------+-------+-------+-------++-------
Melee: Unarmed           |    38 |    10 |       ||    48
       Great sword       |       |    18 |   119 ||   137
 Cast: Freeze            |    13 |    11 |     7 ||    31
       Frozen Ramparts   |     2 |     9 |     7 ||    18
       Hailstorm         |       |     2 |     6 ||     8
  Use: Scroll            |     2 |     3 |     5 ||    10
       Potion            |       |     2 |     6 ||     8
Armor: Robe              |    33 |    20 |    46 ||    99
Dodge: Dodged            |    32 |    39 |    75 ||   146
